Map: Nightshade LE

Players

puCK (Nina) - Winner!

  • Race: Protoss Protoss
  • League: Grandmaster
  • Spawn Location: 5:00

llllllllllll (Vindicta)

  • Race: Terran Terran
  • League: Master
  • Spawn Location: 11:00

Event: Cheeseadelphia XI, Cheeseadelphia XI

VOD

Have the link to the VOD?

Description

Time

  • Played on: Dec. 15, 2019, 12:02 p.m.
  • Length: 12:35

All games in this series

Show
View Real Time Build Order
Export as new Build Order

puCK Protoss - Winner!

Build Orders: 1 Gate Expand, Oracle Opening 

Get SALT Encoding   

  12  0:00  Probe  
  13  0:12  Probe  
  14  0:17  Pylon  
  14  0:24  Probe  
  15  0:37  Probe (Chrono Boost), Gateway  
  16  0:44  Assimilator  
  16  0:48  Probe (Chrono Boost)  
  17  0:53  Probe (Chrono Boost)  
  18  1:03  Probe  
  19  1:15  Probe  
  20  1:24  Cybernetics Core  
  20  1:31  Nexus  
  20  1:38  Pylon  
  20  1:41  Probe  
  21  1:47  Assimilator  
  21  1:53  Probe  
  22  1:58  Adept (Chrono Boost)  
  24  2:03  Pylon  
  24  2:06  Probe  
  25  2:19  Probe  
  25  2:21  Stargate  
  26  2:27  Stalker  
  28  2:33  Probe  
  29  2:41  Warp Gate  
  29  2:43  Probe  
  30  2:45  Probe  
  31  2:56  Probe  
  31  2:57  Probe  
  33  2:59  Stalker  
  35  3:08  Oracle (Chrono Boost), Probe  
  35  3:10  Probe  
  40  3:20  Probe  
  40  3:22  Probe  
  40  3:24  Gateway  
  42  3:32  Shield Battery  
  42  3:33  Probe  
  43  3:35  Stalker  
  43  3:36  Probe  
  46  3:45  Oracle (Chrono Boost)  
  46  3:49  Probe  
  46  3:50  Probe  
  51  4:01  Probe  
  53  4:02  Probe  
  53  4:10  Twilight Council  
  53  4:13  Probe  
  53  4:16  Gateway  
  54  4:20  Pylon  
  54  4:28  Pylon  
  54  4:29  Nexus  
  54  4:38  Probe x2  
  56  4:41  Sentry, Zealot  
  60  4:50  Probe x2  
  60  4:52  Charge (Chrono Boost)  
  62  4:55  Gateway  
  62  4:57  Pylon  
  62  5:02  Probe x2  
  62  5:03  Zealot  
  62  5:05  Zealot  
  68  5:07  Gateway  
  68  5:10  Pylon  
  68  5:12  Zealot  
  70  5:15  Probe x2  
  70  5:19  Gateway  
  72  5:25  Zealot  
  72  5:27  Zealot  
  77  5:28  Probe  
  77  5:32  Probe  
  77  5:35  Pylon  
  78  5:36  Gateway  
  78  5:43  Zealot  
  78  5:45  Zealot  
  82  5:50  Shield Battery  
  82  5:51  Zealot  
  82  5:52  Zealot  
  82  5:54  Probe  
  82  5:55  Probe  
  82  5:56  Probe  
  89  6:06  Zealot x3  
  95  6:14  Zealot x2  
  95  6:18  Zealot  
  99  6:28  Zealot  
  99  6:30  Probe (Chrono Boost)  
  99  6:31  Probe (Chrono Boost)  
  96  6:33  Probe (Chrono Boost)  
  96  6:35  Blink  
  97  6:40  Forge  
  97  6:41  Forge  
  97  6:42  Probe (Chrono Boost)  
  97  6:43  Probe (Chrono Boost)  
  97  6:45  Probe (Chrono Boost), Assimilator  
  97  6:46  Assimilator  
  100  6:47  Sentry x2  
  100  6:51  Probe (Chrono Boost)  
  100  6:52  Probe (Chrono Boost)  
  100  6:53  Probe (Chrono Boost)  
  100  6:54  Templar Archives  
  107  6:56  Pylon, Probe  
  108  7:02  Pylon  
  108  7:05  Probe  
  108  7:06  Assimilator  
  108  7:07  Pylon, Assimilator  
  109  7:13  Protoss Ground Weapons Level 1 (Chrono Boost), Protoss Ground Armor Level 1 (Chrono Boost)  
  109  7:14  Probe x2  
  111  7:17  Probe  
  112  7:24  Pylon  
  112  7:25  Zealot x5  
  112  7:28  Probe  
  123  7:30  Probe  
  123  7:32  Zealot x2  
  128  7:38  Pylon  
  128  7:39  Pylon  
  128  7:50  High Templar  
  128  7:51  High Templar  
  132  7:56  Probe x2  
  134  7:59  Pylon  
  134  8:00  Gateway  
  134  8:04  Psionic Storm, Pylon  
  134  8:07  Stalker  
  134  8:08  Zealot  
  134  8:10  Zealot  
  134  8:12  Zealot  
  142  8:14  Nexus  
  142  8:19  Phoenix, Pylon  
  142  8:26  Probe x2  
  142  8:27  Zealot x3  
  137  8:28  Probe  
  140  8:38  Probe x2  
  140  8:40  Probe  
  143  8:47  Pylon  
  143  8:48  High Templar x3  
  143  8:49  High Templar  
  143  8:50  Probe  
  143  8:51  Probe  
  143  8:53  Archon  
  143  8:54  Archon  
  153  8:57  Photon Cannon  
  153  8:58  Probe  
  153  9:01  High Templar  
  153  9:02  High Templar, Zealot  
  156  9:03  Zealot  
  156  9:07  Archon  
  160  9:11  Robotics Facility  
  160  9:14  Probe x2  
  162  9:18  Pylon  
  162  9:19  Probe  
  162  9:21  Zealot x2  
  162  9:22  Zealot x2  
  164  9:26  Zealot  
  164  9:28  Probe  
  164  9:30  Probe  
  152  9:56  Probe  
  153  10:00  High Templar x3  
  153  10:01  Observer (Chrono Boost), Robotics Facility  
  153  10:02  Robotics Bay  
  153  10:03  Probe  
  153  10:04  Probe  
  162  10:07  Probe, Protoss Ground Armor Level 2 (Chrono Boost)  
  162  10:08  Probe  
  162  10:09  Photon Cannon  
  162  10:13  Stalker x5  
  174  10:15  Probe  
  174  10:16  Protoss Ground Weapons Level 2 (Chrono Boost)  
  174  10:20  Probe x2  
  177  10:23  Probe  
  177  10:27  Assimilator  
  178  10:29  Assimilator  
  178  10:30  Probe  
  179  10:40  High Templar  
  179  10:42  Photon Cannon  
  180  10:50  Zealot  
  180  10:51  Zealot x5  
  185  10:57  Colossus  
  185  11:03  Stalker  
  185  11:15  Colossus  
  191  11:19  Probe  
  192  11:26  Photon Cannon  
  192  11:27  Photon Cannon  
  192  11:28  Photon Cannon  
  192  11:29  Shield Battery  
  190  11:35  Zealot x2  
  190  11:36  Zealot x2  
  188  11:48  Zealot x4  
  164  12:20  Zealot x3  
Show
View Real Time Build Order
Export as new Build Order

llllllllllll Terran 

Build Orders: Reaper Expand 

Get SALT Encoding   

  12  0:00  SCV  
  13  0:12  SCV  
  14  0:17  Supply Depot  
  14  0:24  SCV  
  15  0:39  SCV  
  15  0:40  Barracks  
  16  0:43  Refinery  
  16  0:51  SCV  
  17  1:03  SCV  
  18  1:15  SCV  
  19  1:27  Orbital Command, Reaper  
  20  1:41  Command Center  
  20  1:49  Supply Depot  
  20  1:53  SCV  
  21  2:00  Barracks Reactor  
  21  2:05  SCV  
  21  2:06  Refinery  
  22  2:13  Bunker  
  22  2:17  SCV  
  23  2:27  Factory  
  23  2:29  SCV  
  24  2:36  Marine x2  
  26  2:41  SCV  
  27  2:52  Orbital Command  
  27  2:54  Marine  
  27  2:55  Marine  
  27  2:57  SCV  
  30  3:10  SCV, Widow Mine  
  30  3:12  Marine x2  
  33  3:15  Starport  
  36  3:22  SCV  
  36  3:26  SCV  
  37  3:27  Supply Depot  
  37  3:30  Marine x2  
  37  3:34  Factory Tech Lab, SCV  
  41  3:38  SCV  
  40  3:46  SCV  
  40  3:48  Marine x2  
  41  3:54  Cyclone  
  41  3:55  Viking  
  47  3:58  SCV  
  45  4:04  SCV  
  45  4:06  Marine  
  45  4:08  Marine  
  45  4:09  Supply Depot  
  48  4:12  SCV  
  48  4:16  SCV  
  50  4:24  SCV  
  50  4:26  Cyclone  
  50  4:30  Viking  
  56  4:31  Supply Depot  
  56  4:35  Supply Depot  
  56  4:36  SCV  
  57  4:47  SCV  
  57  4:50  SCV  
  58  4:54  Marine x2  
  58  4:58  Siege Tank  
  58  4:59  SCV  
  64  5:01  Command Center  
  64  5:04  SCV  
  64  5:05  Medivac  
  67  5:12  Marine  
  68  5:16  SCV  
  68  5:17  Barracks  
  68  5:19  Barracks, SCV  
  69  5:25  Refinery x2  
  70  5:28  SCV  
  70  5:30  Engineering Bay  
  70  5:32  Engineering Bay  
  70  5:36  Siege Tank  
  70  5:41  SCV  
  74  5:43  SCV  
  75  5:50  Starport Tech Lab  
  75  5:53  SCV  
  75  5:54  Supply Depot  
  75  5:55  SCV  
  77  5:59  Terran Infantry Weapons Level 1, Terran Infantry Armor Level 1  
  77  6:05  SCV  
  77  6:09  Bunker  
  78  6:13  Orbital Command, SCV  
  78  6:16  Bunker  
  79  6:19  Starport Reactor, Factory Reactor  
  79  6:22  Marine  
  73  6:26  Marine  
  73  6:31  Combat Shield  
  73  6:32  Stimpack, Marine  
  59  6:33  SCV, Marauder  
  60  6:40  Supply Depot x2, Marine  
  60  6:44  Engineering Bay, Marine  
  60  6:45  Supply Depot  
  62  6:50  Marine  
  65  6:54  Marauder  
  65  6:58  Widow Mine, Marine  
  65  6:59  Medivac  
  71  7:02  Medivac, Marine  
  74  7:09  SCV  
  74  7:11  Supply Depot  
  80  7:15  Marine, Widow Mine  
  80  7:21  Marauder, Marine  
  80  7:23  Barracks  
  80  7:26  Marauder  
  80  7:29  Barracks  
  82  7:30  SCV  
  82  7:33  Marine, Widow Mine  
  88  7:37  Widow Mine  
  88  7:39  Marine  
  88  7:42  Medivac x2, Marauder  
  95  7:44  SCV  
  95  7:45  SCV  
  95  7:47  SCV  
  98  7:55  Ghost Academy, Concussive Shells  
  98  7:56  SCV  
  100  8:03  Marine  
  100  8:04  Marauder  
  100  8:05  Widow Mine x2  
  107  8:10  Factory  
  107  8:12  Orbital Command  
  106  8:16  Barracks Reactor, Barracks Tech Lab  
  106  8:17  Armory  
  106  8:19  Marauder, Marine  
  109  8:24  SCV  
  110  8:28  Enhanced Shockwaves  
  110  8:29  Ghost  
  110  8:33  SCV  
  113  8:36  SCV  
  113  8:38  Marine  
  113  8:40  SCV, Marine x2  
  109  8:45  SCV  
  109  8:47  Ghost  
  112  8:50  Widow Mine  
  112  8:55  Factory Tech Lab  
  112  8:56  SCV, Marine  
  112  8:58  Ghost  
  112  9:00  SCV  
  112  9:01  Marine, Refinery  
  112  9:02  SCV  
  117  9:03  Widow Mine  
  117  9:07  Refinery, Marine  
  117  9:08  SCV  
  121  9:12  SCV, Marine  
  121  9:13  Marine  
  121  9:14  SCV  
  121  9:16  Marine  
  128  9:19  Marine  
  128  9:20  SCV  
  128  9:22  Supply Depot  
  128  9:26  Bunker, Marine  
  128  9:28  Drilling Claws, Widow Mine  
  128  9:30  Widow Mine x2  
  128  9:31  Bunker  
  133  9:32  Terran Infantry Weapons Level 2  
  133  9:37  Marine x2  
  133  9:38  Marine  
  123  9:46  Ghost  
  123  9:47  Ghost  
  123  9:48  Marine  
  123  9:52  Orbital Command, Widow Mine  
  120  9:55  Marine  
  120  9:56  Marauder  
  120  9:57  Marine x2  
  118  10:00  Widow Mine x2  
  118  10:03  SCV  
  118  10:05  SCV  
  120  10:15  Marine x2  
  120  10:17  Marine  
  120  10:19  SCV  
  126  10:23  SCV, Marine  
  126  10:27  Widow Mine x2  
  130  10:28  SCV  
  130  10:31  SCV, Marine  
  130  10:32  Marauder, Marine  
  136  10:39  Marine  
  136  10:41  Marine  
  138  10:49  Marauder  
  134  10:50  Marauder  
  134  10:52  Marine x2  
  134  10:54  Marauder, Widow Mine  
  139  10:59  Marine  
  139  11:01  Marine  
  140  11:06  SCV  
  140  11:10  Marauder, Marine x2  
  140  11:11  Supply Depot x2  
  135  11:12  Medivac  
  137  11:19  Supply Depot  
  137  11:21  Supply Depot  
  137  11:27  Ghost  
  137  11:32  Marine  
  131  11:40  Medivac  
  131  11:44  Marine  
  131  11:45  Marauder  
  131  11:46  Marine  
  131  11:47  Marine  
  139  11:49  Marine  
  139  11:50  Supply Depot, Marine  
  140  11:59  Viking  
  140  12:01  SCV, Starport  
  140  12:02  SCV x2  
  139  12:13  Marine  
  139  12:14  Marauder  
Tags
 
Add a new tag
Caveats
  • Supply blocks, unpowered buildings, or Contaminate may cause inaccurate times.
  • Supply counts are checked every 10 seconds.